 Dungeon Crawl Stone Soup version 0.18-a0-776-g7a8d288 (webtiles) character file.

5775 tritontheocto the Slicer (level 10, -10/77 HPs)
             Began as an Octopode Assassin on Dec 13, 2015.
             Was a High Priest of Okawaru.
             Mangled by a komodo dragon (29 damage)
             ... on level 9 of the Dungeon on Dec 14, 2015.
             The game lasted 00:44:08 (8079 turns).

tritontheocto the Slicer (Octopode Assassin)        Turns: 8079, Time: 00:44:08

Health: -10/77     AC:  4    Str: 10    XL:     10   Next: 78%
Magic:  10/11      EV: 17    Int: 19    God:    Okawaru [*****.]
Gold:   357        SH:  8    Dex: 21    Spells: 0 memorised, 9 levels left

rFire  . . .     SeeInvis .     a - +6 dagger
rCold  . . .     Clarity  +     v - +2 buckler
rNeg   . . .     SustAt   +     (helmet restricted)
rPois  .         Gourm    .     t - amulet of clarity
rElec  .         Spirit   .     i - +6 ring of intelligence
rCorr  .         Dismiss  .     g - ring of protection from magic
rMut   .         Stasis   .     r - +3 ring of dexterity
MR     +....                    y - +3 ring of protection
Stlth  +++++++...               o - ring of sustain attributes
                                (no ring)
                                (no ring)
                                (no ring)

@: heroism, somewhat resistant to hostile enchantments, extremely stealthy
A: almost no armour, amphibious, 8 rings, constrict 8, camouflage 1, gelatinous
body 1
a: Heroism, Finesse, Renounce Religion


You were on level 9 of the Dungeon.
You worshipped Okawaru.
Okawaru was extremely pleased with you.
You were very hungry.

You visited 1 branch of the dungeon, and saw 9 of its levels.

You collected 357 gold pieces.

Inventory:

Hand Weapons
 a - a +6 dagger (weapon)
 b - a +0 blowgun
Missiles
 c - 39 poisoned needles
 d - 2 curare-tipped needles
 E - 4 exploding tomahawks (quivered)
Armour
 q - a +0 buckler
 v - a +2 buckler (worn)
Jewellery
 g - a ring of protection from magic (right tentacle)
 i - a +6 ring of intelligence (left tentacle)
 o - a ring of sustain attributes (on tentacle)
 r - a +3 ring of dexterity (on tentacle)
 t - an amulet of clarity (around mantle)
 y - a +3 ring of protection (on tentacle)
Wands
 e - a wand of cold (11)
 j - a wand of confusion (26)
 s - a wand of flame (31)
 x - a wand of draining (0)
 C - a wand of flame (20)
Scrolls
 k - 3 scrolls of remove curse
 m - a scroll of identify
 n - a scroll of enchant armour
 A - a scroll of recharging
 B - 3 scrolls of blinking
Potions
 h - 2 potions of curing
 l - 4 potions of cure mutation
 p - 2 potions of heal wounds
 u - 2 potions of haste
Books
 z - Vehumet's Guide on Confrontation and Heat
   (You found it on level 7 of the Dungeon)

   Spells                             Type                      Level
   a - Throw Flame                    Conjuration/Fire             2
   b - Conjure Flame                  Conjuration/Fire             3
   c - Delayed Fireball               Conjuration/Fire             7
Miscellaneous
 D - a phial of floods
Comestibles
 f - 5 bread rations
 w - 2 meat rations


   Skills:
 + Level 10.9(15.9) Fighting
 + Level 11.1(16.1) Short Blades
 - Level 2.1(7.1) Throwing
 - Level 1.0(6.0) Dodging
 - Level 5.9(10.9) Stealth
 - Level 1.6 Invocations
 - Level 2.0 Evocations


You had 9 spell levels left.
You didn't know any spells.

Dungeon Overview and Level Annotations

Branches:
Dungeon (9/15)             Temple (0/1) D:7
   Lair: D:8-11         Orc: D:9-12

Altars:
Ashenzari
Gozag
Kikubaaqudgha
Nemelex Xobeh
Okawaru
Qazlal
Ru
Zin
The Shining One


Innate Abilities, Weirdness & Mutations

You cannot wear most types of armour.
You are amphibious.
You can wear up to eight rings at the same time.
You can use your tentacles to constrict eight enemies at once.
Your skin changes colour to match your surroundings (Stealth).
Your rubbery body absorbs attacks (AC +1).


Message History

The komodo dragon barely misses you.
Drink which item? (? for menu, Esc to quit)
You feel much better. The komodo dragon bites you!
* * * LOW HITPOINT WARNING * * *
You hit the komodo dragon.
The komodo dragon is moderately wounded.
You hit the komodo dragon. You squeeze the komodo dragon.
The komodo dragon is heavily wounded.
The komodo dragon misses you.
You hit the komodo dragon.
The komodo dragon is heavily wounded.
You hit the komodo dragon but do no damage.
The komodo dragon is heavily wounded.
The komodo dragon closely misses you.
You hit the komodo dragon. You squeeze the komodo dragon.
The komodo dragon is severely wounded.
You hit the komodo dragon but do no damage.
The komodo dragon is severely wounded.
The komodo dragon bites you!!
You die...

#...#####...# #...## ###.#
#....# #.## #....#### #..#
#.......####)###
#...##.........###########
#...##....###..†.........
#########...##)........#
###.##..@l....##
######.##.........#
............)......####
..#######..............
#......)###..§. ...y.
##....#()# ##. ....r
##....##.## .....
#.........# .:...
#....####.#†# .y..#


You could see a komodo dragon.

Vanquished Creatures
  Erica (D:9)
  Pikel (D:7)
  A two-headed ogre (D:8)
  5 yaks (D:9)
  A basilisk (D:9)
  Menkaure (D:4)
  A water moccasin (D:8)
  3 orc warriors
  2 sky beasts (D:7)
  4 ice beasts
  4 ogres
  2 phantoms
  A centaur (D:9)
  A big kobold (D:8)
  3 giant frogs (D:6)
  6 scorpions
  3 killer bees (D:9)
  4 crimson imps
  The ghost of Celerity the Grasshopper, a weakling SpWr (D:5)
  2 hounds
  A giant frog zombie (D:8)
  2 centaur skeletons
  5 orc priests
  3 giant frog skeletons
  8 orc wizards
  5 iguanas
  6 worker ants
  A killer bee zombie (D:8)
  2 hound skeletons
  A worker ant zombie (D:6)
  7 adders
  A shadow imp (D:5)
  An ooze (D:2)
  An adder skeleton (D:9)
  2 worms
  2 giant geckos
  21 orcs
  3 ball pythons
  A giant cockroach (D:8)
  7 goblins
  6 hobgoblins
  8 jackals
  2 quokkas
  15 bats
  A giant gecko skeleton (D:4)
  6 giant newts
  9 kobolds
  A quokka zombie (D:6)
  3 rats
178 creatures vanquished.

Vanquished Creatures (others)
  An orc (D:9)
1 creature vanquished.

Grand Total: 179 creatures vanquished

Notes
Turn   | Place    | Note
--------------------------------------------------------------
     0 | D:1      | tritontheocto the Octopode Assassin began the quest for the Orb.
     0 | D:1      | Reached XP level 1. HP: 14/14 MP: 1/1
   291 | D:1      | Reached XP level 2. HP: 16/19 MP: 2/2
   903 | D:2      | Reached XP level 3. HP: 25/25 MP: 3/3
  1123 | D:2      | Reached XP level 4. HP: 28/31 MP: 4/4
  1138 | D:2      | Found an ancient bone altar of Kikubaaqudgha.
  2281 | D:4      | Reached XP level 5. HP: 36/36 MP: 5/5
  2469 | D:4      | Found an iron altar of Okawaru.
  2476 | D:4      | Became a worshipper of Warmaster Okawaru
  2551 | D:4      | Reached XP level 6. HP: 34/43 MP: 6/6
  3082 | D:4      | Noticed Menkaure
  3131 | D:4      | Killed Menkaure
  3131 | D:4      | Reached skill level 5 in Fighting
  3131 | D:4      | Reached skill level 5 in Short Blades
  3131 | D:4      | Reached XP level 7. HP: 31/50 MP: 7/7
  3142 | D:5      | Entered Level 5 of the Dungeon
  3145 | D:5      | Found a glowing silver altar of Zin.
  3154 | D:5      | Found a sacrificial altar of Ru.
  3204 | D:5      | Reached * piety under Okawaru
  3225 | D:5      | Found a stormy altar of Qazlal.
  3225 | D:5      | Found a sparkling altar of Nemelex Xobeh.
  3572 | D:5      | Found a glowing golden altar of the Shining One.
  3966 | D:5      | Noticed Celerity's ghost (weakling SpWr)
  3975 | D:5      | Killed Celerity's ghost
  3975 | D:5      | Reached skill level 6 in Short Blades
  4336 | D:6      | Found a shattered altar of Ashenzari.
  4597 | D:6      | Reached XP level 8. HP: 52/57 MP: 8/8
  4644 | D:6      | Reached ** piety under Okawaru
  4722 | D:6      | Reached skill level 7 in Fighting
  4971 | D:6      | Found an opulent altar of Gozag.
  5643 | D:6      | Reached skill level 8 in Short Blades
  5718 | D:7      | Reached *** piety under Okawaru
  5718 | D:7      | Reached XP level 9. HP: 63/65 MP: 9/9
  6101 | D:7      | Identified Vehumet's Guide on Confrontation and Heat
  6166 | D:7      | Reached skill level 1 in Evocations
  6512 | D:7      | Found a staircase to the Ecumenical Temple.
  6585 | D:7      | Reached skill level 9 in Short Blades
  6612 | D:7      | Noticed Pikel
  6617 | D:7      | Reached skill level 1 in Invocations
  6625 | D:7      | Killed Pikel
  6625 | D:7      | Reached **** piety under Okawaru
  7173 | D:8      | Reached XP level 10. HP: 73/75 MP: 8/11
  7345 | D:8      | Received a gift from Okawaru
  7345 | D:8      | Reached skill level 10 in Short Blades
  7496 | D:8      | Reached skill level 10 in Fighting
  7949 | D:9      | Noticed Erica
  8011 | D:9      | Killed Erica
  8048 | D:9      | Reached skill level 11 in Short Blades
  8069 | D:9      | Reached ***** piety under Okawaru
  8071 | D:9      | HP: 1/77 [komodo dragon (17)]
  8079 | D:9      | Mangled by a komodo dragon

Vault maps used:
D:1:      wheals_arrival_linesprint
D:2:      lemuel_doored_altar
D:4:      okawaru_ov_weapons_minmay, uniq_menkaure
D:5:      nicolae_overflow_hidden_temple, kennysheep_mini, first_bread,
          kennysheep_generic_room_15
D:6:      old_forge, evilmike_ruin_ashenzari, grunt_gozag_statues
D:7:      minmay_temple_entry_mist, uniq_pikel
D:9:      dpeg_lair_monsters, uniq_prince_ribbit1, uniq_erica

Action                   |  1- 3 |  4- 6 |  7- 9 | 10-12 || total
-------------------------+-------+-------+-------+-------++-------
Melee: Dagger            |    61 |    59 |   264 |   120 ||   504
Invok: Heroism           |       |       |     4 |     3 ||     7
Evoke: Wand              |       |       |     6 |     4 ||    10
  Use: Scroll            |    10 |     4 |     4 |     1 ||    19
       Potion            |     2 |     3 |     3 |     5 ||    13
 Stab: Sleeping          |    13 |    11 |    22 |     8 ||    54
       Distracted        |       |       |     2 |       ||     2
  Eat: Chunk             |       |     4 |     8 |     2 ||    14
       Beef jerky        |       |     2 |       |       ||     2
       Fruit             |       |     1 |     4 |       ||     5
       Pizza             |       |       |     1 |       ||     1
